[Event "Titled Tuesday Blitz February 28 Late 2023"]
[White "Blomqvist, Erik"]
[Black "Hambleton, Aman"]
[WhiteFideId "1709437"]
[BlackFideId "2606577"]
[WhiteElo "2436"]
[BlackElo "2511"]
[Result "0-1"]
[Round "10"]
[TimeControl "180+2"]
[Date "2023.02.28"]
[WhiteClock "0:00:04"]
[BlackClock "0:00:03"]

1. e4 b6 2. d4 Bb7 3. Bd3 e6 4. Nf3 d5 5. e5 Ba6 6. Bxa6 Nxa6 7. Qe2 Nb4 8. c3 Nc6 9. O-O Qd7 10. Be3 Nge7 11. Nbd2 Nf5 12. b4 h5 13. a4 a6 14. b5 Na5 15. bxa6 Be7 16. Bg5 Qc6 17. Qb5 Bxg5 18. Nxg5 O-O 19. Qe2 g6 20. Rfc1 Kg7 21. g3 Nc4 22. Nxc4 Qxc4 23. Qxc4 dxc4 24. Rcb1 Rxa6 25. Rb4 Ne7 26. Rxc4 Nd5 27. Rb1 Rfa8 28. Rc6 R8a7 29. c4 Ne7 30. Nxe6+ fxe6 31. Rxe6 Nf5 32. d5 Rxa4 33. Rc1 Ra1 34. Rxa1 Rxa1+ 35. Kg2 Ra5 36. Rc6 Rc5 37. Rxc5 bxc5 38. Kf3 Kf7 39. Kf4 Nd4 40. h3 Nc2 41. Ke4 Nb4 42. g4 h4 43. f4 Nc2 44. f5 g5 45. f6 Ne1 46. Kf5 Nf3 47. e6+ Kf8 48. Kg6 Ne5+ 49. Kxg5 Nxc4 50. Kg6 Nd6 51. e7+ Ke8 52. g5 c4 53. Kg7 c3 54. g6 Nf5+ 55. Kg8 Nxe7+ 56. fxe7 c2 57. g7 c1=Q 58. Kh8 Qh6+ 59. Kg8 Kxe7 0-1


[Site "https://www.chess.com"]

[Event "Titled Tuesday Blitz February 28 Late 2023"]
[White "Manelyuk, Daniil"]
[Black "Nasuta, Grzegorz"]
[WhiteFideId "44173920"]
[BlackFideId "1141686"]
[WhiteElo "2259"]
[BlackElo "2449"]
[Result "1-0"]
[Round "10"]
[TimeControl "180+2"]
[Date "2023.02.28"]
[WhiteClock "0:01:13"]
[BlackClock "0:00:01"]

1. e4 c6 2. d4 d5 3. e5 c5 4. dxc5 e6 5. a3 Bxc5 6. Bd3 Nc6 7. Nf3 a6 8. b4 Ba7 9. Bb2 Nge7 10. O-O Ng6 11. Nbd2 Nf4 12. Re1 Bd7 13. Nb3 O-O 14. Qd2 Nxd3 15. cxd3 Rc8 16. a4 Qb6 17. Ba3 Rfe8 18. Nc5 Qc7 19. d4 Ne7 20. Rec1 Bxc5 21. Rxc5 Qb8 22. b5 axb5 23. axb5 Rxc5 24. Bxc5 Bxb5 25. Qb4 Be2 26. Bxe7 Bxf3 27. gxf3 Qc7 28. Bd6 Qd8 29. Qxb7 Qg5+ 30. Kf1 Qf5 31. Qd7 Qd3+ 32. Kg2 Qg6+ 33. Kh1 f6 34. exf6 Qf7 35. Qxf7+ Kxf7 36. fxg7 Kxg7 37. Be5+ Kf7 38. Ra7+ Kg6 39. Rg7+ Kf5 40. Rxh7 Ra8 41. Rf7+ Kg6 42. Rf6+ Kg5 43. Rxe6 Ra3 44. Kg2 Kf5 45. Rf6+ Kg5 46. Rd6 Ra5 47. Rc6 Kf5 48. h4 Ra6 49. Rd6 Rb6 50. Rxd5 1-0


[Site "https://www.chess.com"]

[Event "Titled Tuesday Blitz February 28 Late 2023"]
[White "Fernandez Guillen, Ernesto J."]
[Black "Klose, Eli"]
[WhiteFideId "3512428"]
[BlackFideId "16242955"]
[WhiteElo "2423"]
[BlackElo "2593"]
[Result "1-0"]
[Round "10"]
[TimeControl "180+2"]
[Date "2023.02.28"]
[WhiteClock "0:00:04"]
[BlackClock "0:00:02"]

1. e4 e6 2. Nf3 d5 3. Nc3 d4 4. Ne2 c5 5. d3 Nc6 6. g3 e5 7. Bg2 Be7 8. O-O h5 9. h4 Nh6 10. c3 f6 11. cxd4 cxd4 12. Bd2 Be6 13. Nc1 Qd7 14. Nb3 a5 15. Rc1 b6 16. Rxc6 Qxc6 17. Nbxd4 exd4 18. Nxd4 Qd7 19. Nxe6 Qxe6 20. Qxh5+ Nf7 21. Qb5+ Kf8 22. d4 Rd8 23. d5 Qd6 24. Be3 Qb4 25. Qa6 Bc5 26. a3 Qxb2 27. Bxc5+ bxc5 28. Qxa5 Qd4 29. Rc1 c4 30. Qb4+ Nd6 31. Re1 Kf7 32. Bh3 Rhe8 33. Be6+ Rxe6 34. dxe6+ Kxe6 35. Qa5 Rc8 36. Qh5 c3 37. e5 c2 38. exf6+ Kxf6 39. Qg5+ Kf7 40. h5 Kf8 41. h6 c1=Q 42. Rxc1 Rxc1+ 43. Qxc1 gxh6 44. Qxh6+ Ke7 45. Qg5+ Kd7 46. Qc1 Ne4 47. Qf4 Kc6 48. Kg2 Kd5 49. Qf3 Qb2 50. g4 Kd4 51. Qe3+ Ke5 52. Kf3 1-0


[Site "https://www.chess.com"]

[Event "Titled Tuesday Blitz February 28 Late 2023"]
[White "Bilych, Olexiy"]
[Black "Di Berardino, Diego Rafael"]
[WhiteFideId "14156504"]
[BlackFideId "2105446"]
[WhiteElo "2320"]
[BlackElo "2432"]
[Result "0-1"]
[Round "10"]
[TimeControl "180+2"]
[Date "2023.02.28"]
[WhiteClock "0:00:18"]
[BlackClock "0:00:10"]

1. d4 Nf6 2. c4 c5 3. d5 b5 4. cxb5 a6 5. f3 g6 6. e4 d6 7. Nc3 Bg7 8. a4 O-O 9. Be3 e6 10. dxe6 Bxe6 11. e5 Nfd7 12. exd6 Re8 13. Kf2 c4 14. Nh3 Bxh3 15. gxh3 Qh4+ 16. Ke2 axb5 17. Qd5 Bxc3 18. bxc3 Rxa4 19. Rxa4 bxa4 20. Kd2 Ne5 21. f4 Nd3 22. Bxd3 cxd3 23. Rb1 Nd7 24. Rb7 Qxh3 25. Qxd3 Qg2+ 26. Kc1 Qxb7 27. Bd4 Qb3 28. Qg3 a3 29. f5 Qb2+ 30. Kd1 a2 0-1


[Site "https://www.chess.com"]

[Event "Titled Tuesday Blitz February 28 Late 2023"]
[White "Prem, Pranav"]
[Black "Martynov, Pavel"]
[WhiteFideId "30901057"]
[BlackFideId "4101260"]
[WhiteElo "1970"]
[BlackElo "2314"]
[Result "1/2-1/2"]
[Round "10"]
[TimeControl "180+2"]
[Date "2023.02.28"]
[WhiteClock "0:00:19"]
[BlackClock "0:00:24"]

1. d4 d5 2. c4 e6 3. Nc3 c5 4. Nf3 Nc6 5. cxd5 exd5 6. g3 Nf6 7. Bg2 Be7 8. O-O O-O 9. Bf4 Bg4 10. Rc1 cxd4 11. Nxd4 Qd7 12. Qd2 Rac8 13. Rfd1 Rfd8 14. Ncb5 a6 15. Nc3 h5 16. Nb3 h4 17. Nxd5 Nxd5 18. Qxd5 Qxd5 19. Rxd5 Bxe2 20. Re1 Bg4 21. h3 Be6 22. Rxd8+ Rxd8 23. g4 Nb4 24. Bxb7 Nd3 25. Re4 Nxf4 26. Rxf4 Rd1+ 27. Kg2 Rb1 28. Ra4 Rxb2 29. Rxa6 Bxb3 30. axb3 Rxb3 31. Bd5 Rb5 32. Ra8+ Bf8 33. Bc4 Rc5 34. Bb3 Rc7 35. Rd8 g6 36. Bd5 Kg7 37. Kf3 Bc5 38. Be4 Ba7 39. Rd2 Re7 40. Bd5 Kh6 41. Kg2 Kg5 42. Rd3 Re2 43. Rf3 f6 44. Bc6 f5 45. gxf5 gxf5 46. Bb5 Rb2 47. Bd7 f4 48. Bc6 Kf5 49. Bd7+ Ke5 50. Bc6 Be3 51. Ba8 Rc2 52. Bb7 Kd4 53. Kg1 Rc1+ 54. Kg2 Rb1 55. fxe3+ fxe3 56. Ba6 Rb2+ 57. Kf1 Rf2+ 58. Rxf2 exf2 59. Kxf2 Ke5 60. Kf3 Kf6 61. Kg4 Kg7 62. Kxh4 Kg8 63. Kg5 Kh8 64. h4 Kg8 65. h5 Kh8 66. h6 Kg8 67. h7+ Kh8 68. Kh6 1/2-1/2


[Site "https://www.chess.com"]

[Event "Titled Tuesday Blitz February 28 Late 2023"]
[White "Nilsen, Tobias Lang"]
[Black "Aldokhin, Ivan"]
[WhiteFideId "1521624"]
[BlackFideId "24115720"]
[WhiteElo "2195"]
[BlackElo "2322"]
[Result "0-1"]
[Round "10"]
[TimeControl "180+2"]
[Date "2023.02.28"]
[WhiteClock "0:00:20"]
[BlackClock "0:00:13"]

1. e4 c5 2. Nf3 e6 3. d4 cxd4 4. Nxd4 a6 5. c4 Qc7 6. Nc3 Nf6 7. a3 b6 8. Be2 Bb7 9. Qd3 d6 10. f4 Nbd7 11. b4 Rd8 12. O-O Nc5 13. bxc5 dxc5 14. Nxe6 fxe6 15. Qh3 Qd7 16. Be3 Nxe4 17. Nxe4 Bxe4 18. Rad1 Bd6 19. Bg4 Bf5 20. Bxf5 exf5 21. Bf2 O-O 22. Bh4 Rde8 23. Qd3 Re6 24. Qd5 Qf7 25. Rb1 Bc7 26. a4 Re4 27. a5 Qxd5 28. cxd5 b5 29. Rfd1 Bd6 30. Rbc1 Rfe8 31. Bf2 c4 32. Bb6 Bxf4 33. Rc2 Bd6 34. Bf2 Kf7 35. Bg3 Ke7 36. Bxd6+ Kxd6 37. Rf2 Re1+ 38. Rxe1 Rxe1+ 39. Rf1 Rxf1+ 40. Kxf1 0-1


[Site "https://www.chess.com"]

[Event "Titled Tuesday Blitz February 28 Late 2023"]
[White "Pakleza, Zbigniew"]
[Black "Sztokbant, Bernardo Vainzoff"]
[WhiteFideId "1119290"]
[BlackFideId "2115956"]
[WhiteElo "2410"]
[BlackElo "2222"]
[Result "1-0"]
[Round "10"]
[TimeControl "180+2"]
[Date "2023.02.28"]
[WhiteClock "0:00:03"]
[BlackClock "0:00:02"]

1. Nf3 c5 2. c3 g6 3. d4 cxd4 4. cxd4 d5 5. Nc3 Nf6 6. Bf4 Bg7 7. e3 Nc6 8. Bd3 O-O 9. h3 b6 10. O-O Bf5 11. Bxf5 gxf5 12. Qa4 Rc8 13. Rfc1 Na5 14. Ne5 Nh5 15. Bh2 e6 16. Ne2 Qe8 17. Qd1 Qb5 18. Nc3 Qxb2 19. Rab1 Qa3 20. Nb5 Rxc1 21. Rxc1 Qb2 22. Nxa7 Nf6 23. a4 Ne4 24. Qc2 Qa3 25. Nb5 Qe7 26. f3 Nf6 27. Nc6 Nxc6 28. Bd6 Nxd4 29. Bxe7 Nxc2 30. Bxf8 Bxf8 31. Rxc2 Bc5 32. Kf1 Bxe3 33. Rc8+ Kg7 34. Rc7 d4 35. Ke2 Nd5 36. Rb7 Nf4+ 37. Kf1 d3 38. Rd7 Kf6 39. g3 Nd5 40. Nd6 Ke5 41. Nc4+ Kd4 42. Nxb6 Kc5 43. Nxd5 exd5 44. Rxf7 Kc4 45. Rxf5 d4 46. a5 Kc3 47. Rc5+ Kd2 48. a6 1-0


[Site "https://www.chess.com"]

[Event "Titled Tuesday Blitz February 28 Late 2023"]
[White "Maximov, Dmitry"]
[Black "Mendez Fortes, Eduardo Jesus"]
[WhiteFideId "14105659"]
[BlackFideId "3502376"]
[WhiteElo "2494"]
[BlackElo "2307"]
[Result "0-1"]
[Round "10"]
[TimeControl "180+2"]
[Date "2023.02.28"]
[WhiteClock "0:00:04"]
[BlackClock "0:00:06"]

1. e4 e5 2. Nf3 Nc6 3. Bb5 Nf6 4. O-O Nxe4 5. d4 Nd6 6. a4 a6 7. dxe5 axb5 8. exd6 Bxd6 9. Re1+ Be7 10. Nc3 bxa4 11. Nd5 O-O 12. Nxe7+ Nxe7 13. Bg5 f6 14. Bf4 d5 15. c4 Ng6 16. Bg3 dxc4 17. Qc2 Qd3 18. Qc1 Bf5 19. Ra3 Qc2 20. Qa1 Rfe8 21. Rc1 Qe2 22. Rxa4 Rxa4 23. Qxa4 c6 24. Qxc4+ Qxc4 25. Rxc4 Re2 26. Rb4 b5 27. h3 Be6 28. Nd4 Re1+ 29. Kh2 c5 30. Nf3 cxb4 31. Nxe1 Ne7 32. Bd6 Nc6 33. Nd3 b3 34. Kg3 Bc4 35. Nc5 Nd4 36. Kf4 Kf7 37. g4 h5 38. gxh5 Ne2+ 39. Ke3 Nc3 40. Kd2 Nd5 41. h4 Kg8 42. Bg3 Kh7 43. Ne6 Nb6 44. Nf4 Na4 45. Kc1 Nc5 46. Kd2 Ne4+ 47. Ke3 Nc3 48. Kd2 Na4 49. Kc1 Kh6 50. f3 Nc5 51. Bf2 Nd7 52. Be3 Kh7 53. Kd2 Ne5 54. Kc3 Nxf3 55. Bf2 Ne5 56. Kb4 Ng4 57. Be1 Ne3 58. Bd2 Nd1 59. Ka3 Kg8 60. Bc1 Nf2 61. Kb4 Ne4 62. Be3 Kh7 63. Bc1 Nd6 64. Be3 Nf5 65. Bf2 Kg8 66. Kc5 Kf7 67. Kb4 Ke7 68. Kc5 Kd7 69. Kb4 Nd6 70. Be3 Ne4 71. Ka5 Kd6 72. Kb4 Ke5 73. Ng6+ Kf5 74. Nf4 Kg4 75. Ka3 Kxh4 76. h6 gxh6 77. Ng6+ Kh5 78. Nf4+ Kg4 79. Ng6 h5 80. Bg1 h4 81. Ne7 h3 82. Nc6 f5 83. Nd4 f4 84. Kb4 f3 85. Ka3 f2 86. Bxf2 Nxf2 87. Nxb3 Bxb3 88. Kxb3 h2 89. Kb4 h1=Q 90. Kxb5 Qd5+ 91. Kb6 Nd3 92. b3 Qc5+ 93. Ka6 Qb4 94. Ka7 Nc5 0-1


[Site "https://www.chess.com"]

[Event "Titled Tuesday Blitz February 28 Late 2023"]
[White "Gadimbayli, Abdulla"]
[Black "Ristic, Nebojsa B"]
[WhiteFideId "13404938"]
[BlackFideId "935468"]
[WhiteElo "2390"]
[BlackElo "2303"]
[Result "1-0"]
[Round "10"]
[TimeControl "180+2"]
[Date "2023.02.28"]
[WhiteClock "0:02:20"]
[BlackClock "0:01:17"]

1. Nf3 Nf6 2. g3 b6 3. Bg2 Bb7 4. O-O g6 5. d4 Bg7 6. c4 O-O 7. Nc3 Ne4 8. Bd2 Nxc3 9. Bxc3 Be4 10. Re1 d6 11. Qd2 c5 12. d5 Nd7 13. Bxg7 Kxg7 14. Qf4 Bxf3 15. exf3 Nf6 16. Re2 Rb8 17. Rae1 Rb7 18. h4 h6 19. Bh3 b5 20. cxb5 Nxd5 21. Qd2 e6 22. a4 Qf6 23. f4 Rfb8 24. Bg2 a6 25. Bxd5 exd5 26. bxa6 Rxb2 27. Qxd5 Rxe2 28. Rxe2 Qa1+ 29. Kh2 Qxa4 30. Re7 Qb3 31. Rxf7+ Kg8 32. Qxb3 Rxb3 33. Rb7 Rxb7 34. axb7 1-0


[Site "https://www.chess.com"]

[Event "Titled Tuesday Blitz February 28 Late 2023"]
[White "Sadovsky, Artem"]
[Black "Rozman, Levy"]
[WhiteFideId "4155840"]
[BlackFideId "2039877"]
[WhiteElo "2314"]
[BlackElo "2376"]
[Result "0-1"]
[Round "10"]
[TimeControl "180+2"]
[Date "2023.02.28"]
[WhiteClock "0:00:09"]
[BlackClock "0:00:09"]

1. Nf3 g6 2. h4 h6 3. d4 Bg7 4. e4 d6 5. Bc4 e6 6. c3 a6 7. a4 Ne7 8. Be3 b6 9. Nbd2 Bb7 10. Qc2 Nd7 11. b4 Nf6 12. Bf4 Nxe4 13. Nxe4 Bxe4 14. Qxe4 d5 15. Qe2 dxc4 16. Qxc4 Qd5 17. Qe2 O-O 18. Be5 c5 19. Bxg7 Kxg7 20. dxc5 bxc5 21. O-O Rfd8 22. c4 Qf5 23. b5 axb5 24. cxb5 Nd5 25. Qe5+ Qxe5 26. Nxe5 Nc3 27. b6 Rd4 28. Rfb1 Nxb1 29. Rxb1 Rd6 30. Nc4 Rd4 31. b7 Rb8 32. a5 Rxc4 33. a6 Ra4 34. Rb6 c4 35. Rc6 c3 36. Rc8 c2 0-1


[Site "https://www.chess.com"]

[Event "Titled Tuesday Blitz February 28 Late 2023"]
[White "Kleinman, Michael"]
[Black "Oro, Faustino"]
[WhiteFideId "2609479"]
[BlackFideId "20000197"]
[WhiteElo "2287"]
[BlackElo "1984"]
[Result "1-0"]
[Round "10"]
[TimeControl "180+2"]
[Date "2023.02.28"]
[WhiteClock "0:00:35"]
[BlackClock "0:00:33"]

1. e4 e5 2. Nf3 Nc6 3. Bb5 Nf6 4. O-O Nxe4 5. d4 Nd6 6. Bxc6 dxc6 7. dxe5 Nf5 8. Qxd8+ Kxd8 9. Nc3 Be7 10. h3 Be6 11. Bf4 Kc8 12. Rad1 b6 13. g4 Nh4 14. Nxh4 Bxh4 15. Kg2 Kb7 16. Bg3 Be7 17. f4 Rad8 18. f5 Bc4 19. Rfe1 Bb4 20. a3 Bc5 21. b3 Ba6 22. Ne4 Bxa3 23. Ng5 f6 24. Nf7 Rxd1 25. Rxd1 Re8 26. e6 Kc8 27. Rd7 Re7 28. Rd8+ Kb7 29. Rg8 g6 30. Nd8+ 1-0


[Site "https://www.chess.com"]

[Event "Titled Tuesday Blitz February 28 Late 2023"]
[White "Fus, Jakub"]
[Black "Petukhov, Dmitry"]
[WhiteFideId "1193023"]
[BlackFideId "4142748"]
[WhiteElo "2335"]
[BlackElo "2311"]
[Result "1-0"]
[Round "10"]
[TimeControl "180+2"]
[Date "2023.02.28"]
[WhiteClock "0:00:11"]
[BlackClock "0:00:13"]

1. Nf3 Nf6 2. c4 g6 3. Nc3 c6 4. d4 d5 5. e3 Bg7 6. Be2 O-O 7. O-O dxc4 8. Bxc4 b5 9. Bd3 Bb7 10. e4 a6 11. e5 Nd5 12. Ne4 Nd7 13. Bg5 c5 14. Nxc5 Nxc5 15. dxc5 Rc8 16. Rc1 h6 17. Bd2 Qd7 18. Qe2 Rfd8 19. e6 Qe8 20. exf7+ Qxf7 21. Ne5 Bxe5 22. Qxe5 Nf6 23. Qg3 Nh5 24. Bxg6 Nxg3 25. Bxf7+ Kh7 26. hxg3 Rxd2 27. Be6 Rc7 28. b4 a5 29. a3 axb4 30. axb4 Rd4 31. Rb1 Rc6 32. Rfe1 Kg7 33. Bg4 Kf6 34. Bf3 Rc7 35. Bxb7 Rxb7 36. Re3 e5 37. Rc3 Ke6 38. c6 Rc7 39. Rc5 Kd6 40. Rxb5 Rxc6 41. Re1 e4 42. Rh5 Kd7 43. b5 Rf6 44. Rh4 Rd2 45. Rf4 Rxf4 46. gxf4 Rd4 47. Rb1 Kc7 48. b6+ Kb7 49. g3 Rd3 50. Kf1 Rd2 51. Ke1 Rc2 52. Rb4 Rc1+ 53. Ke2 Rc2+ 54. Ke3 Ra2 55. Rxe4 Kxb6 56. Re6+ Kc5 57. Rxh6 Kd5 58. Rh5+ Ke6 59. Re5+ Kf6 60. Kf3 Ra3+ 61. Kg2 Ra2 62. g4 Ra1 63. Kg3 Ra2 64. g5+ Kg6 65. Re6+ Kh5 66. Rh6# 1-0


[Site "https://www.chess.com"]

[Event "Titled Tuesday Blitz February 28 Late 2023"]
[White "Alikhanov, Felix"]
[Black "Sokac, Marko"]
[WhiteFideId "4157427"]
[BlackFideId "14531356"]
[WhiteElo "2425"]
[BlackElo "2355"]
[Result "1-0"]
[Round "10"]
[TimeControl "180+2"]
[Date "2023.02.28"]
[WhiteClock "0:00:22"]
[BlackClock "0:00:18"]

1. e4 d6 2. d4 Nf6 3. Nc3 c6 4. f4 Qa5 5. Bd3 e5 6. dxe5 dxe5 7. Nf3 Nbd7 8. O-O Bd6 9. f5 b5 10. a4 b4 11. Ne2 Nc5 12. Ng3 Qc7 13. Bg5 Nfd7 14. Nh5 Bf8 15. f6 g6 16. Ng7+ Kd8 17. Bc4 Nxe4 18. Bxf7 Qb6+ 19. Kh1 Kc7 20. Bh4 Ndxf6 21. Nxe5 Bxg7 22. Qe1 Ba6 23. Rxf6 Nxf6 24. Nc4 Qc5 25. Bg3+ Kb7 26. Nd6+ Kb6 27. a5+ Qxa5 28. Rxa5 Kxa5 29. Qe5+ Kb6 30. Bf2+ Kc7 31. Ne8+ Kd7 32. Qc7# 1-0


[Site "https://www.chess.com"]

[Event "Titled Tuesday Blitz February 28 Late 2023"]
[White "Petrovic, Aleksa"]
[Black "Diaz Perez, Michel Alejandro"]
[WhiteFideId "967629"]
[BlackFideId "3517179"]
[WhiteElo "2304"]
[BlackElo "2333"]
[Result "1-0"]
[Round "10"]
[TimeControl "180+2"]
[Date "2023.02.28"]
[WhiteClock "0:00:06"]
[BlackClock "0:00:10"]

1. d4 Nf6 2. c4 d6 3. Nf3 Nbd7 4. Nc3 e5 5. e4 Be7 6. g3 O-O 7. Bg2 c6 8. O-O Re8 9. h3 Bf8 10. Qc2 a5 11. Rd1 Qc7 12. Be3 h6 13. Rac1 exd4 14. Bxd4 Ne5 15. Nxe5 dxe5 16. Be3 Be6 17. Na4 Nd7 18. c5 Rad8 19. Kh2 Nf6 20. b3 Be7 21. Nb6 Nh7 22. Bd2 Bg5 23. Bxg5 Nxg5 24. h4 Nh7 25. Rd2 Qe7 26. Rcd1 Nf6 27. Qc3 Rxd2 28. Rxd2 Rd8 29. Rxd8+ Qxd8 30. f3 Qd1 31. Qxe5 Qc2 32. g4 Qxa2 33. g5 hxg5 34. hxg5 Nh7 35. g6 Nf8 36. gxf7+ Bxf7 37. Nc8 Ng6 38. Ne7+ Nxe7 39. Qxe7 Qxb3 40. Qd8+ Kh7 41. Qh4+ Kg6 42. Qg4+ Kf6 43. Qf5+ Ke7 44. Qe5+ Qe6 45. Qc7+ Qd7 46. Qxa5 Kf8 47. Qc3 Qc7+ 48. e5 Qe7 49. Qd4 Qg5 50. Bh3 Kg8 51. f4 Qh4 52. Qe3 Bd5 53. Qg3 Qh5 54. Qf2 Qh6 55. Kg3 Kf8 56. f5 Ke7 57. f6+ gxf6 58. exf6+ Qxf6 59. Qe3+ Qe6 60. Bxe6 Bxe6 61. Kf4 Kd7 62. Ke5 Bd5 63. Qh6 Kc7 64. Qd6+ Kc8 65. Kf6 b5 66. cxb6 Kb7 67. Qc7+ Ka6 68. b7 c5 69. b8=Q c4 70. Qcb6# 1-0


[Site "https://www.chess.com"]

[Event "Titled Tuesday Blitz February 28 Late 2023"]
[White "Toncheva, Nadya"]
[Black "Gunduz, Umut Erdem"]
[WhiteFideId "2924056"]
[BlackFideId "6381383"]
[WhiteElo "2101"]
[BlackElo "2182"]
[Result "0-1"]
[Round "10"]
[TimeControl "180+2"]
[Date "2023.02.28"]
[WhiteClock "0:00:04"]
[BlackClock "0:00:07"]

1. e4 e5 2. Nf3 Nc6 3. Bb5 a6 4. Ba4 Nf6 5. O-O Be7 6. Re1 b5 7. Bb3 O-O 8. a4 Rb8 9. axb5 axb5 10. d3 d6 11. h3 h6 12. Be3 Be6 13. c3 Qd7 14. Nbd2 d5 15. exd5 Nxd5 16. Ba7 Ra8 17. Nxe5 Nxe5 18. Rxe5 c5 19. Bxd5 Bxd5 20. c4 bxc4 21. dxc4 Be6 22. Bxc5 Rxa1 23. Qxa1 Bxc5 24. Rxc5 Qxd2 25. b3 Rd8 26. Ra5 Kh7 27. Qb1+ g6 28. Ra7 Qe2 29. Ra1 Rd2 30. Qe1 Qd3 31. Rb1 Re2 32. Qd1 Bf5 33. Rc1 Qxd1+ 34. Rxd1 Rb2 35. g4 Bc2 36. Rd7 Kg7 37. c5 Bxb3 38. c6 Ba4 39. Rb7 Rc2 40. c7 Bd7 41. Kh2 g5 42. Kg3 Rc3+ 43. f3 Rxf3+ 44. Kxf3 Bc6+ 45. Kg3 Bxb7 46. h4 Kf6 47. hxg5+ hxg5 0-1


[Site "https://www.chess.com"]

[Event "Titled Tuesday Blitz February 28 Late 2023"]
[White "Womacka, Mathias"]
[Black "Fiorito, Joaquin"]
[WhiteFideId "4611390"]
[BlackFideId "180173"]
[WhiteElo "2377"]
[BlackElo "2157"]
[Result "1-0"]
[Round "10"]
[TimeControl "180+2"]
[Date "2023.02.28"]
[WhiteClock "0:01:37"]
[BlackClock "0:01:31"]

1. e4 c6 2. d4 d5 3. Nd2 dxe4 4. Nxe4 Nf6 5. Nxf6+ exf6 6. Bc4 Na6 7. Ne2 Nc7 8. O-O Bd6 9. Bf4 O-O 10. Qd2 Be6 11. Bb3 Re8 12. Rfe1 a5 13. c3 a4 14. Bc2 Nd5 15. Bxd6 Qxd6 16. Ng3 Nb6 17. Ne4 Qc7 18. Nc5 Bd5 19. b3 axb3 20. axb3 Rxa1 21. Rxa1 g6 22. Ra7 Qe7 23. f3 Qe1+ 24. Qxe1 Rxe1+ 25. Kf2 Rc1 26. Bd3 Nc8 27. Ra8 1-0


[Site "https://www.chess.com"]

[Event "Titled Tuesday Blitz February 28 Late 2023"]
[White "Gerzhoy, Leonid"]
[Black "Plotkin, Victor"]
[WhiteFideId "2806126"]
[BlackFideId "2606674"]
[WhiteElo "2615"]
[BlackElo "2214"]
[Result "0-1"]
[Round "10"]
[TimeControl "180+2"]
[Date "2023.02.28"]
[WhiteClock "0:00:31"]
[BlackClock "0:00:15"]

1. d4 d5 2. c4 e6 3. Nc3 Nf6 4. Nf3 c5 5. e3 cxd4 6. exd4 Nc6 7. a3 dxc4 8. Bxc4 Be7 9. O-O O-O 10. d5 exd5 11. Nxd5 Nxd5 12. Qxd5 Be6 13. Qxd8 Nxd8 14. Bxe6 Nxe6 15. Be3 Bf6 16. Rab1 Rfd8 17. b4 a6 18. a4 Nd4 19. Bxd4 Bxd4 20. b5 a5 21. g3 Kf8 22. Kg2 Rac8 23. Rbc1 Bf6 24. Rfd1 Rxc1 25. Rxc1 Rd7 26. Rc8+ Ke7 27. Ra8 Bc3 28. h4 Kd6 29. Rc8 Rc7 30. Rxc7 Kxc7 31. Kf1 Kd6 32. Ke2 Kc5 33. Kd3 Bf6 34. Nd2 Kb4 35. Ne4 Kxa4 36. Kc4 Be7 37. b6 Ka3 38. Kb5 Bb4 39. Ng5 Kb3 40. Nf3 Bc3 0-1


[Site "https://www.chess.com"]

[Event "Titled Tuesday Blitz February 28 Late 2023"]
[White "Rodrigues, Tiago Pereira"]
[Black "Ramirez Allo, Eduardo"]
[WhiteFideId "2101203"]
[BlackFideId "2224178"]
[WhiteElo "2168"]
[BlackElo "2473"]
[Result "1/2-1/2"]
[Round "10"]
[TimeControl "180+2"]
[Date "2023.02.28"]
[WhiteClock "0:00:02"]
[BlackClock "0:00:07"]

1. Nf3 Nf6 2. g3 g6 3. Bg2 Bg7 4. c3 O-O 5. d4 d6 6. O-O Nbd7 7. Re1 c5 8. Na3 Rb8 9. e4 e6 10. e5 dxe5 11. dxe5 Nd5 12. c4 Nb4 13. Bg5 Qb6 14. Qd2 Nc6 15. Bh6 a6 16. h4 Qc7 17. Bxg7 Kxg7 18. Qf4 b6 19. Rad1 Bb7 20. h5 Kg8 21. Nc2 Rbd8 22. Rxd7 Qxd7 23. Ne3 Qe7 24. Ng4 Nd4 25. Nf6+ Kg7 26. Ng5 Bxg2 27. Kxg2 Nf5 28. h6+ Kh8 29. g4 Rd4 30. Re4 Nxh6 31. Rxd4 cxd4 32. Ngxh7 Kg7 33. Nxf8 Qxf8 34. Qxd4 Qb4 35. b3 Qe1 36. Qd8 Qxe5 37. Ne8+ Kh7 38. Nf6+ Kg7 39. Ne8+ Kf8 40. Nf6+ Kg7 1/2-1/2


[Site "https://www.chess.com"]

[Event "Titled Tuesday Blitz February 28 Late 2023"]
[White "Wartiovaara, Oliver"]
[Black "Pinheiro, Iung Alicio de O."]
[WhiteFideId "513024"]
[BlackFideId "2104350"]
[WhiteElo "2214"]
[BlackElo "2283"]
[Result "0-1"]
[Round "10"]
[TimeControl "180+2"]
[Date "2023.02.28"]
[WhiteClock "0:00:01"]
[BlackClock "0:00:03"]

1. Nf3 d5 2. c4 d4 3. g3 c5 4. Bg2 Nc6 5. O-O Nf6 6. d3 Nd7 7. e3 e5 8. exd4 cxd4 9. Re1 Be7 10. b3 O-O 11. Ba3 a5 12. Bxe7 Qxe7 13. a3 Rb8 14. Nbd2 Qd8 15. Ne4 b5 16. Nd6 bxc4 17. Nxc8 Qxc8 18. bxc4 Re8 19. Rb1 Nc5 20. Qc2 Qc7 21. Nd2 h6 22. Rec1 f5 23. Bd5+ Kh8 24. Nf3 e4 25. dxe4 fxe4 26. Rxb8 Rxb8 27. Bxe4 Re8 28. Bd5 d3 29. Qc3 Ne7 30. Nh4 Qd6 31. Qd4 Rf8 32. Rd1 Nf5 33. Nxf5 Rxf5 34. Rxd3 Nxd3 35. Qxd3 Rf8 36. Qe3 a4 37. h4 Qf6 38. Kg2 Qd6 39. Be4 Rd8 40. Bd5 Qf6 41. Qf3 Qf8 42. Qxf8+ Rxf8 43. Bc6 g5 44. hxg5 hxg5 45. Bxa4 Ra8 46. Bc6 Rxa3 47. Bd5 Kg7 48. f4 Rc3 49. fxg5 Kg6 50. Kf2 Kxg5 51. Ke2 Rxg3 52. Kd2 Kf6 53. Ke2 Ke5 54. Kf2 Rc3 55. Ke2 Kf4 56. Kd2 Ra3 57. Kc2 Ke5 58. Kb2 Rg3 59. Bf7 Kd4 60. c5 Kxc5 61. Ka2 Kb4 62. Kb2 Rg2+ 63. Ka1 Kc3 64. Ba2 Kc2 65. Bf7 Rg7 66. Ba2 Rb7 67. Be6 Kc3 0-1


[Site "https://www.chess.com"]

[Event "Titled Tuesday Blitz February 28 Late 2023"]
[White "Kovalevsky, Stanislav"]
[Black "Berezin, Viktor"]
[WhiteFideId "13508598"]
[BlackFideId "14107872"]
[WhiteElo "2220"]
[BlackElo "2310"]
[Result "0-1"]
[Round "10"]
[TimeControl "180+2"]
[Date "2023.02.28"]
[WhiteClock "0:00:19"]
[BlackClock "0:00:12"]

1. c4 Nf6 2. Nc3 g6 3. g3 Bg7 4. Bg2 O-O 5. e4 d6 6. Nge2 Nc6 7. O-O e5 8. a3 a5 9. Rb1 Nd4 10. Nxd4 exd4 11. Ne2 Nd7 12. b4 axb4 13. axb4 d3 14. Nf4 Ne5 15. Qb3 Nc6 16. Bb2 Bxb2 17. Rxb2 Ne5 18. Nxd3 Be6 19. Nxe5 dxe5 20. Rd1 Qd4 21. d3 Rfd8 22. Bf3 b5 23. Qc2 Ra3 24. Rb3 Rda8 25. Rxa3 Rxa3 26. Rd2 Bh3 27. Bg2 Ra1+ 28. Rd1 Rxd1+ 29. Qxd1 Bxg2 30. Kxg2 bxc4 31. Qa4 cxd3 32. Kf3 Kg7 33. Qd1 f5 34. exf5 gxf5 35. Kg2 Qe4+ 36. Kg1 Qd5 37. Qd2 Kg6 38. h4 h6 39. Kh2 Qf3 40. Qc3 Qxf2+ 41. Kh3 Qf1+ 42. Kh2 Qe2+ 43. Kh3 Qg4+ 44. Kh2 Qd4 45. Qc6+ Qd6 46. Qe8+ Kg7 47. h5 d2 48. Qg6+ Qxg6 49. hxg6 d1=Q 50. b5 Qh5+ 51. Kg2 Qxg6 52. b6 Qxb6 53. Kh3 f4 54. g4 f3 55. g5 f2 56. gxh6+ Kh8 57. h7 f1=Q+ 58. Kh4 Qh6+ 59. Kg4 Qff4# 0-1


[Site "https://www.chess.com"]

[Event "Titled Tuesday Blitz February 28 Late 2023"]
[White "Bouget, Alexandre"]
[Black "Janaszak, Dawid"]
[WhiteFideId "681318"]
[BlackFideId "1119206"]
[WhiteElo "2177"]
[BlackElo "2220"]
[Result "1/2-1/2"]
[Round "10"]
[TimeControl "180+2"]
[Date "2023.02.28"]
[WhiteClock "0:00:11"]
[BlackClock "0:00:14"]

1. d4 Nf6 2. c4 g6 3. Nc3 Bg7 4. e4 d6 5. Be2 O-O 6. g4 Nc6 7. d5 Nb8 8. g5 Nh5 9. Bxh5 gxh5 10. Qxh5 b5 11. Nxb5 c6 12. Nc3 cxd5 13. cxd5 Na6 14. Nge2 Nb4 15. O-O Nd3 16. Ng3 e6 17. Rd1 Ba6 18. Qf3 Ne5 19. Qg2 Rb8 20. Nh5 Ng6 21. Nxg7 Kxg7 22. Be3 e5 23. Rd2 Rb4 24. Qf3 Qe7 25. Rc1 f6 26. gxf6+ Rxf6 27. Qg2 Qb7 28. b3 Kh8 29. Na4 Nh4 30. Qh3 Nf3+ 31. Kh1 Nxd2 32. Bxd2 Rxe4 33. Be3 Qxd5 34. Qg2 Bb7 35. Nc3 Qc6 36. Nxe4 Rg6 37. Bg5 Qxc1+ 38. Bxc1 Rxg2 39. Kxg2 Bxe4+ 40. f3 Bb1 41. Ba3 Bxa2 42. Bxd6 Bxb3 43. Bxe5+ Kg8 44. Bd4 a5 45. f4 Bd5+ 1/2-1/2


[Site "https://www.chess.com"]